 Dungeon Crawl Stone Soup version 0.25.0-33-gff14898 (webtiles) character file.

Game seed: 4666268636615190940

70 mdk the Cutter (level 4, -4/24 HPs)
             Began as a Vine Stalker Monk on July 7, 2020.
             Slain by Grinder (7 damage)
             ... while paralysed by Grinder
             ... on level 3 of the Dungeon.
             The game lasted 00:01:58 (2041 turns).

mdk the Cutter (Vine Stalker Monk)                  Turns: 2041, Time: 00:01:59

Health: -4/24      AC:  5    Str: 14    XL:     4   Next: 21%
Magic:  0/5        EV:  2    Int: 16    God:
Gold:   82         SH:  0    Dex: 17    Spells: 3/3 levels left

rFire    . . .     SeeInvis .   a - +0 short sword
rCold    + . .     Gourm    .   (no shield)
rNeg     . . .     Faith    .   q - +0 ring mail
rPois    .         Spirit   +   (no helmet)
rElec    .         Reflect  .   (no cloak)
rCorr    .         Harm     .   (no gloves)
MR       .....                  (no boots)
Stlth    ++........             j - amulet of magic regeneration
HPRegen  0.48/turn              r - +6 ring of intelligence
MPRegen  0.34/turn              u - ring of protection from cold

@: paralysed
A: fangs 2, regeneration 1, magic shield, antimagic bite, no potion heal 3, rot
immunity
a: no special abilities


You were on level 3 of the Dungeon.
You were not hungry.

You visited 1 branch of the dungeon, and saw 3 of its levels.

You collected 82 gold pieces.

Inventory:

Hand Weapons
 a - a +0 short sword (weapon)
Missiles
 o - a throwing net (quivered)
Armour
 q - a +0 ring mail (worn)
Jewellery
 j - an amulet of magic regeneration (around neck)
 r - a +6 ring of intelligence (left hand)
 u - a ring of protection from cold (right hand)
Scrolls
 b - a scroll of identify {unknown}
 e - 4 scrolls of remove curse {unknown}
 g - a scroll of immolation {unknown}
 h - a scroll of amnesia {unknown}
 i - a scroll of noise {unknown}
 k - 2 scrolls of fear {unknown}
 m - a scroll of blinking {unknown}
 p - 2 scrolls of teleportation {unknown}
 s - 3 scrolls of random uselessness {unknown}
Potions
 d - a potion of invisibility {unknown}
 f - a potion of lignification {unknown}
 l - a potion of experience {unknown}
 n - a potion of ambrosia {unknown}
Comestibles
 c - 5 rations
 t - 4 chunks of flesh


   Skills:
 * Level 3.4 Fighting
 * Level 3.5 Short Blades
 + Level 1.1 Armour
 - Level 2.4 Dodging
 - Level 2.4 Stealth


You had 3 spell levels left.
You didn't know any spells.
Your spell library was empty.

Dungeon Overview and Level Annotations

Branches:
Dungeon (3/15)

Altars:
Elyvilon
Nemelex Xobeh
Xom

Annotations:
D:3 Grinder


Innate Abilities, Weirdness & Mutations

You have extremely sharp teeth.
Your natural rate of healing is unusually fast.
When hurt, damage is shared between your health and your magic reserves.
Your bite disrupts and absorbs the magic of your enemies.
Potions cannot restore your health.
You are immune to rotting.


Message History

Grinder hits you!
You writhe in agony.
You are too injured to fight recklessly!
You are too injured to fight recklessly!
You are too injured to fight recklessly!
You are too injured to fight recklessly!
Your ring mail prevents you from hitting Grinder.
You bite Grinder, but do no damage.
Grinder is lightly wounded.
Grinder gestures at you.
You suddenly lose the ability to move!
Grinder gestures at you. You resist with significant effort. Grinder hits you.
* * * LOW HITPOINT WARNING * * *
You writhe in agony.
* * * LOW HITPOINT WARNING * * *
Grinder gestures at you.
You shrug off the repeated paralysis!
Grinder hits you!
You die...

.# #.#.#### .# ##>....##
.# #.#.# # ##...## ##
#.... ##'## ###.# #.# ^#
#.########.###.
##..............
.##########...######.####.
........##.....### #
#.5@.......#
######..##.... #..# ####
#..# #... #.### $.. ♣♣


You could see Grinder.

Vanquished Creatures
  An adder (D:3)
  An ooze (D:1)
  2 worms
  A dart slug (D:1)
  3 leopard geckos
  A ball python (D:1)
  6 goblins
  7 hobgoblins
  A quokka (D:2)
  5 bats
  A frilled lizard (D:2)
  9 kobolds
  9 rats
47 creatures vanquished.

Notes
Turn   | Place    | Note
-------+----------+-------------------------------------------
     0 | D:1      | mdk the Vine Stalker Monk began the quest for the Orb.
     0 | D:1      | Reached XP level 1. HP: 11/11 MP: 2/2
   338 | D:1      | Reached XP level 2. HP: 16/16 MP: 3/3
   756 | D:1      | Reached XP level 3. HP: 20/20 MP: 4/4
  1413 | D:2      | Reached skill level 1 in Armour
  1643 | D:2      | Found a shimmering altar of Xom.
  1651 | D:2      | Found a white marble altar of Elyvilon.
  1654 | D:2      | Found a sparkling altar of Nemelex Xobeh.
  1906 | D:3      | Gained mutation: Your natural rate of healing is unusually
                  | fast. [Vine Stalker growth]
  1906 | D:3      | Reached XP level 4. HP: 21/24 MP: 5/5
  2019 | D:3      | Noticed Grinder
  2037 | D:3      | Paralysed by Grinder for 7 turns
  2041 | D:3      | Slain by Grinder

Illustrated notes

Levels and vault maps discovered:
D:1:      lightli_molten_gateway, layout_basic, serial_corexii_hall,
          corexii_hall_statues_deadend, chequers_hall_statues_wall_a,
          minmay_tromino_v4_a
D:2:      layout_rooms, grunt_temple_overflow_open, first_ration
D:3:      layout_loops_corners, lemuel_blue_sif_altar, lemuel_round_altar,
          nrook_campfire, uniq_grinder

Skill      XL: |  1  2  3 |
---------------+----------+-----
Short Blades   | 3 |  3.5
Fighting       | 3 |  3.4
Armour         | 1 |  1.1
Dodging        | |  2.4
Stealth        | |  2.4

Action                   |  1- 3 |  4- 6 || total
-------------------------+-------+-------++-------
Melee: Short sword       |   132 |    20 ||   152
       Bite              |    24 |    12 ||    36
 Stab: Sleeping          |     8 |       ||     8
  Eat: Chunk             |     3 |     1 ||     4
Armor: Robe              |    13 |       ||    13
       Ring mail         |    15 |     3 ||    18
Dodge: Dodged            |    72 |     6 ||    78
